A
KINGSVILLE KNIGHTS @ BARRE GRAYS
04/26/2060
 
TOP OF THE 1ST
Kingsville Knights batting - Pitching for Barre Grays : RHP Derick Anderson
Pitching: RHP Derick Anderson
Batting: RHB Manning Ogura 0-0: Ball
1-0: Swinging Strike
1-1: Swinging Strike
1-2: Foul Ball, location: 2F
1-2: Strikes out swinging
Batting: RHB L.J. Kistler 0-0: Ball
1-0: Ball
2-0: Ball
3-0: Called Strike
3-1: Foul Ball, location: 2F
3-2: SINGLE (Line Drive, 7S, EV 106.2 MPH)
Batting: LHB Blake Steffen 0-0: SINGLE (Groundball, 34D, EV 103.1 MPH)
L.J. Kistler to second
Runner from 2nd tries for 3rd, SAFE, throw by RF made to third
Batting: RHB Lucian Goldsmith 0-0: Ball
1-0: Called Strike
1-1: Fly out, F7 (Flyball, 78M, EV 88.8 MPH)
Runner from 3rd tags up, SCORES, throw by LF
Batting: LHB Javarez Jones 0-0: Foul Ball, location: 2F
Pickoff Throw to First - Out! 1-3
Top of the 1st over - 1 run, 2 hits, 0 errors, 0 left on base; Kingsville 1 - Barre 0
BOTTOM OF THE 1ST
Barre Grays batting - Pitching for Kingsville Knights : RHP Sean Ford
Pitching: RHP Sean Ford
Batting: RHB Cody Squatrito 0-0: SINGLE (Groundball, 6MD, EV 108.1 MPH)
Batting: RHB Kyle Lloyd 0-0: Ball
1-0: Swinging Strike
1-1: DOUBLE (Flyball, 78D, EV 105.0 MPH)
Cody Squatrito to third
Batting: RHB Blake Simmons 0-0: Foul Ball, location: 2F
0-1: Ball
1-1: Swinging Strike
1-2: Ball
2-2: SINGLE (Flyball, 9LS, EV 92.5 MPH)
Cody Squatrito scores
Kyle Lloyd to third
Batting: RHB Jonah Colletti 0-0: Foul Ball, location: 2F
0-1: DOUBLE (Line Drive, 7LS, EV 91.2 MPH)
Kyle Lloyd scores
Blake Simmons to third
Batting: LHB John Weir 0-0: Fly out, F7 (Flyball, 7D, EV 81.9 MPH)
Runner from 3rd tags up, SCORES, no throw by LF
Batting: SHB Cameron Carter 0-0: Called Strike
0-1: Ball
1-1: Ball
2-1: Foul Ball, location: 2F
2-2: SINGLE (Groundball, 34D, EV 110.0 MPH)
Jonah Colletti to third
Runner from 3rd tries for Home, throw by RF and OUT! 9-2
Batting: RHB Cory Stotts 0-0: Swinging Strike
0-1: Called Strike
Cameron Carter steals 2nd base
0-2: Ball
1-2: Strikes out swinging
Bottom of the 1st over - 3 runs, 5 hits, 0 errors, 1 left on base; Kingsville 1 - Barre 3
TOP OF THE 2ND
Kingsville Knights batting - Pitching for Barre Grays : RHP Derick Anderson
Batting: LHB Javarez Jones 0-0: Ball
1-0: Called Strike
1-1: Called Strike
1-2: Strikes out swinging
Batting: RHB Rob Barnwell 0-0: Called Strike
0-1: Ball
1-1: Ball
2-1: Called Strike
2-2: Ball
3-2: Foul Ball, location: 2F
3-2: Foul Ball, location: 2F
3-2: Fly out, F8 (Flyball, 8LD, EV 103.8 MPH)
Batting: RHB Jay Bell 0-0: Called Strike
0-1: Ball
1-1: Ball
2-1: Foul Ball, location: 2F
2-2: Strikes out swinging
Top of the 2nd over - 0 runs, 0 hits, 0 errors, 0 left on base; Kingsville 1 - Barre 3
BOTTOM OF THE 2ND
Barre Grays batting - Pitching for Kingsville Knights : RHP Sean Ford
Batting: RHB Chuck Jones 0-0: Ball
1-0: Called Strike
1-1: Swinging Strike
1-2: Ball
2-2: Foul Ball, location: 2F
2-2: Strikes out swinging
Batting: RHB Isaac Stamey 0-0: Called Strike
0-1: Called Strike
0-2: Strikes out looking
Batting: RHB Cody Squatrito 0-0: Called Strike
0-1: Swinging Strike
0-2: Ground out 4-3 (Groundball, 4MS, EV 89.4 MPH)
Bottom of the 2nd over - 0 runs, 0 hits, 0 errors, 0 left on base; Kingsville 1 - Barre 3
TOP OF THE 3RD
Kingsville Knights batting - Pitching for Barre Grays : RHP Derick Anderson
Batting: RHB Seth Britcher 0-0: Ball
1-0: Ground out 1-3 (Groundball, 15S, EV 68.1 MPH)
Batting: RHB Kenesaw Camarillo 0-0: Fly out, F8 (Line Drive, 8RM, EV 88.1 MPH)
Batting: RHB Manning Ogura 0-0: Ball
1-0: Ball
2-0: Ball
3-0: Called Strike
3-1: Foul Ball, location: 2F
3-2: Foul Ball, location: 2F
3-2: Ground out 4-3 (Groundball, 4, EV 90.0 MPH)
Top of the 3rd over - 0 runs, 0 hits, 0 errors, 0 left on base; Kingsville 1 - Barre 3
BOTTOM OF THE 3RD
Barre Grays batting - Pitching for Kingsville Knights : RHP Sean Ford
Batting: RHB Kyle Lloyd 0-0: Ball
1-0: Ball
2-0: Ball
3-0: Base on Balls
Batting: RHB Blake Simmons 0-0: Grounds into double play, 6-4-3 (Groundball, 6, EV 109.4 MPH)
Batting: RHB Jonah Colletti 0-0: Ball
1-0: Ball
2-0: Ball
3-0: Base on Balls
Batting: LHB John Weir 0-0: Called Strike
0-1: SINGLE (Line Drive, 8RS, EV 110.0 MPH)
Jonah Colletti to second
Batting: SHB Cameron Carter 0-0: Ball
1-0: Ball
2-0: Swinging Strike
2-1: DOUBLE (Groundball, 3L, EV 108.1 MPH)
Jonah Colletti scores
John Weir to third
Batting: RHB Cory Stotts 0-0: Ball
1-0: Called Strike
1-1: Called Strike
1-2: Ball
2-2: Strikes out looking
Bottom of the 3rd over - 1 run, 2 hits, 0 errors, 2 left on base; Kingsville 1 - Barre 4
TOP OF THE 4TH
Kingsville Knights batting - Pitching for Barre Grays : RHP Derick Anderson
Batting: RHB L.J. Kistler 0-0: Foul Ball, location: 2F
0-1: Swinging Strike
0-2: Foul Ball, location: 2F
0-2: Foul Ball, location: 2F
0-2: Ball
1-2: Foul Ball, location: 2F
1-2: DOUBLE (Line Drive, 7LM, EV 96.2 MPH)
Batting: LHB Blake Steffen 0-0: Foul Ball, location: 2F
0-1: Ball
1-1: Ball
2-1: Ball
3-1: Foul Ball, location: 2F
3-2: Foul Ball, location: 2F
3-2: Ground out 6-3 (Groundball, 6M, EV 106.9 MPH)
L.J. Kistler to third
Batting: RHB Lucian Goldsmith 0-0: Ball
1-0: Called Strike
1-1: Ball
2-1: Foul Ball, location: 2F
2-2: Foul Ball, location: 2F
2-2: Ball
3-2: Base on Balls
Batting: LHB Javarez Jones 0-0: Swinging Strike
0-1: Fly out, F7 (Line Drive, 7, EV 93.1 MPH)
Batting: RHB Rob Barnwell 0-0: Ball
1-0: Ball
2-0: SINGLE (Flyball, 89S, EV 89.4 MPH)
L.J. Kistler scores
Lucian Goldsmith to second
Runner from 2nd tries for 3rd, OUT! 9-5
Top of the 4th over - 1 run, 2 hits, 0 errors, 1 left on base; Kingsville 2 - Barre 4
BOTTOM OF THE 4TH
Barre Grays batting - Pitching for Kingsville Knights : RHP Sean Ford
Batting: RHB Chuck Jones 0-0: Fly out, F7 (Flyball, 7, EV 86.2 MPH)
Batting: RHB Isaac Stamey 0-0: Called Strike
0-1: Ball
1-1: Swinging Strike
1-2: Strikes out swinging
Batting: RHB Cody Squatrito 0-0: Ball
1-0: Foul Ball, location: 2F
1-1: Foul Ball, location: 2F
1-2: Fly out, F7 (Line Drive, 7, EV 94.4 MPH)
Bottom of the 4th over - 0 runs, 0 hits, 0 errors, 0 left on base; Kingsville 2 - Barre 4
TOP OF THE 5TH
Kingsville Knights batting - Pitching for Barre Grays : RHP Derick Anderson
Batting: RHB Jay Bell 0-0: Foul Ball, location: 2F
0-1: Swinging Strike
0-2: Strikes out swinging
Batting: RHB Seth Britcher 0-0: Foul Ball, location: 2F
0-1: Swinging Strike
0-2: Strikes out swinging
Batting: RHB Kenesaw Camarillo 0-0: Fly out, F8 (Flyball, 8LXD, EV 106.2 MPH)
Top of the 5th over - 0 runs, 0 hits, 0 errors, 0 left on base; Kingsville 2 - Barre 4
BOTTOM OF THE 5TH
Barre Grays batting - Pitching for Kingsville Knights : RHP Sean Ford
Batting: RHB Kyle Lloyd 0-0: Called Strike
0-1: SINGLE (Flyball, 8LS, EV 100.0 MPH)
Batting: RHB Blake Simmons 0-0: Ball
1-0: Ball
2-0: Ball
3-0: Called Strike
3-1: Called Strike
3-2: Base on Balls
Kyle Lloyd to second
Batting: RHB Jonah Colletti 0-0: Called Strike
0-1: Ball
1-1: Grounds into double play, 3-6-3 (Groundball, 34, EV 81.2 MPH)
Kyle Lloyd to third
Batting: LHB John Weir 0-0: Fly out, F8 (Flyball, 8LM, EV 88.8 MPH)
Bottom of the 5th over - 0 runs, 1 hit, 0 errors, 1 left on base; Kingsville 2 - Barre 4
TOP OF THE 6TH
Kingsville Knights batting - Pitching for Barre Grays : RHP Derick Anderson
Batting: RHB Manning Ogura 0-0: Called Strike
0-1: Foul Ball, location: 2F
0-2: Ball
1-2: Strikes out swinging, 2-3 out at first.
Batting: RHB L.J. Kistler 0-0: DOUBLE (Line Drive, 7LM, EV 107.5 MPH)
Batting: LHB Blake Steffen 0-0: Foul Ball, location: 2F
0-1: Ball
1-1: Foul Ball, location: 2F
1-2: Strikes out looking
Batting: RHB Lucian Goldsmith 0-0: Called Strike
0-1: Foul Ball, location: 2F
0-2: DOUBLE (Line Drive, 9LS, EV 103.1 MPH)
L.J. Kistler scores
Batting: LHB Javarez Jones 0-0: Ball
1-0: Fly out, F8 (Line Drive, 8LD, EV 87.5 MPH)
Top of the 6th over - 1 run, 2 hits, 0 errors, 1 left on base; Kingsville 3 - Barre 4
BOTTOM OF THE 6TH
Barre Grays batting - Pitching for Kingsville Knights : RHP Sean Ford
Batting: SHB Cameron Carter 0-0: Ball
1-0: Ball
2-0: DOUBLE (Line Drive, 78M, EV 104.4 MPH)
Batting: RHB Cory Stotts 0-0: Foul Ball, location: 2F
0-1: 2-RUN HOME RUN (Flyball, 78XD, EV 96.9 MPH), Distance : 380 ft
Pitching: LHP Jayson Blackmon
Batting: RHB Chuck Jones 0-0: Ball
1-0: Ball
2-0: Called Strike
2-1: Ground out 6-3 (Groundball, 6, EV 105.0 MPH)
Batting: RHB Isaac Stamey 0-0: Called Strike
0-1: DOUBLE (Line Drive, 78XD, EV 104.4 MPH)
Batting: RHB Cody Squatrito 0-0: Ball
1-0: Foul Ball, location: 2F
1-1: Called Strike
1-2: Foul Ball, location: 2F
1-2: Ball
2-2: Ball
3-2: Strikes out looking
Batting: RHB Kyle Lloyd 0-0: Ball
1-0: Fly out, F9 (Line Drive, 89M, EV 94.4 MPH)
Bottom of the 6th over - 2 runs, 3 hits, 0 errors, 1 left on base; Kingsville 3 - Barre 6
TOP OF THE 7TH
Kingsville Knights batting - Pitching for Barre Grays : RHP Derick Anderson
Batting: RHB Rob Barnwell 0-0: Ball
1-0: Ball
2-0: Called Strike
2-1: Fly out, F6 (Flyball, 6MD, EV 88.8 MPH)
Batting: RHB Jay Bell 0-0: Ball
1-0: Ball
2-0: Ball
3-0: Base on Balls
Batting: RHB Seth Britcher 0-0: Swinging Strike
0-1: Called Strike
Jay Bell steals 2nd base
0-2: Ball
1-2: Ground out 3-1 (Groundball, 34, EV 108.8 MPH)
Jay Bell to third
Batting: RHB Kenesaw Camarillo 0-0: Ball
1-0: Foul Ball, location: 2F
1-1: Ground out 4-3 (Groundball, 4M, EV 81.2 MPH)
Top of the 7th over - 0 runs, 0 hits, 0 errors, 1 left on base; Kingsville 3 - Barre 6
BOTTOM OF THE 7TH
Barre Grays batting - Pitching for Kingsville Knights : LHP Jayson Blackmon
Batting: RHB Blake Simmons 0-0: Ball
1-0: Ball
2-0: Ground out 6-3 (Groundball, 6, EV 88.8 MPH)
Batting: RHB Jonah Colletti 0-0: Ground out 4-3 (Groundball, 4M, EV 86.9 MPH)
Batting: LHB John Weir 0-0: Ball
1-0: Called Strike
1-1: DOUBLE (Line Drive, 9LD, EV 103.1 MPH)
Batting: SHB Cameron Carter 0-0: Foul Ball, location: 2F
0-1: Ball
1-1: Ground out 4-3 (Groundball, 4S, EV 80.0 MPH)
Bottom of the 7th over - 0 runs, 1 hit, 0 errors, 1 left on base; Kingsville 3 - Barre 6
TOP OF THE 8TH
Kingsville Knights batting - Pitching for Barre Grays : RHP Derick Anderson
Pitching: RHP Elmer Malay
Batting: RHB Manning Ogura 0-0: Foul Ball, location: 2F
0-1: Ball
1-1: Swinging Strike
1-2: Ball
2-2: Strikes out swinging
Batting: RHB L.J. Kistler 0-0: Swinging Strike
0-1: Ground out 4-3 (Groundball, 4MD, EV 90.6 MPH)
Batting: LHB Blake Steffen 0-0: Called Strike
0-1: Fly out, F8 (Line Drive, 8RM, EV 108.8 MPH)
Top of the 8th over - 0 runs, 0 hits, 0 errors, 0 left on base; Kingsville 3 - Barre 6
BOTTOM OF THE 8TH
Barre Grays batting - Pitching for Kingsville Knights : LHP Jayson Blackmon
Batting: RHB Cory Stotts 0-0: Called Strike
0-1: Ball
1-1: Ball
2-1: Foul Ball, location: 2F
2-2: Ground out 6-3 (Groundball, 6M, EV 87.5 MPH)
Batting: RHB Chuck Jones 0-0: Ball
1-0: Foul Ball, location: 2F
1-1: Foul Ball, location: 2F
1-2: Ball
2-2: SINGLE (Line Drive, 9LS, EV 86.9 MPH)
Batting: RHB Isaac Stamey 0-0: Ball
1-0: Called Strike
1-1: Ball
Wild Pitch!
Chuck Jones to second
2-1: Ball
3-1: Foul Ball, location: 2F
3-2: Base on Balls
Batting: RHB Cody Squatrito 0-0: Called Strike
0-1: Ball
1-1: Called Strike
1-2: Fielders Choice at 2nd, 3-6 (Groundball, 34S, EV 83.1 MPH)
Chuck Jones to third
Batting: RHB Kyle Lloyd 0-0: Ball
1-0: Called Strike
1-1: Foul Ball, location: 2F
1-2: Ball
2-2: Ball
3-2: Ground out 5-3 (Groundball, 56, EV 82.5 MPH)
Bottom of the 8th over - 0 runs, 1 hit, 0 errors, 2 left on base; Kingsville 3 - Barre 6
TOP OF THE 9TH
Kingsville Knights batting - Pitching for Barre Grays : RHP Elmer Malay
Batting: RHB Lucian Goldsmith 0-0: Called Strike
0-1: Foul Ball, location: 2F
0-2: Strikes out swinging
Batting: LHB Javarez Jones 0-0: Fly out, F7 (Flyball, 78D, EV 78.1 MPH)
Batting: RHB Rob Barnwell 0-0: Hit by Pitch
Batting: RHB Jay Bell 0-0: Called Strike
0-1: Fielders Choice at 2nd, 6-4 (Groundball, 6, EV 100.0 MPH)
Top of the 9th over - 0 runs, 0 hits, 0 errors, 1 left on base; Kingsville 3 - Barre 6
Monday, April 29th , 2024 - OOTP Baseball 23.10 Build 110